 Dungeon Crawl Stone Soup version 0.29-a0-352-g0917bc69df (console) character file.

Game seed: 14479209855682478258

1623 jejorda2 the Carver (level 8, -4/64 HPs)
             Began as a Merfolk Berserker on Apr 24, 2022.
             Was a Believer of Trog.
             Slain by an ice beast (5 damage)
             ... on level 5 of the Dungeon.
             The game lasted 00:13:39 (4561 turns).

jejorda2 the Carver (Merfolk Berserker)             Turns: 4561, Time: 00:13:40

Health: -4/64      AC: 10    Str: 17 (18) XL:     8   Next: 97%
Magic:  8/8        EV:  8    Int:  4 (6)  God:    Trog [**....]
Gold:   240        SH:  0    Dex: 12 (15) Spells: 7/7 levels left

rFire   . . .      SeeInvis .   a - +0 long sword
rCold   . . .      Faith    .   (no shield)
rNeg    . . .      Spirit   .   x - +0 chain mail
rPois   .          Reflect  .   (no helmet)
rElec   .          Harm     .   (no cloak)
rCorr   .          Rampage  .   (no gloves)
Will    .....                   w - +0 pair of boots
Stlth   ..........              l - amulet of regeneration
HPRegen 1.00/turn               (no ring)
MPRegen 0.11/turn               (no ring)

@: on berserk cooldown, slowed, very slow
A: (nimble swimmer 2), mertail
a: Renounce Religion, Berserk, Trog's Hand


You were on level 5 of the Dungeon.
You worshipped Trog.
Trog was pleased with you.
You visited 1 branch of the dungeon, and saw 6 of its levels.

You collected 240 gold pieces.

Inventory:

Hand Weapons
 a - a +0 long sword (weapon)
 g - a +0 dagger
Missiles
 e - 194 stones (quivered)
 h - 15 poisoned darts
Armour
 w - a +0 pair of boots (worn)
 x - a +0 chain mail (worn)
 y - a +0 kite shield
Jewellery
 l - an amulet of regeneration (around neck)
 n - the amulet "Asyfinoisu" {Acrobat *Slow rCorr Str+4}
   (You found it on level 2 of the Dungeon)

   [amulet of the acrobat]

   It increases your evasion while moving and waiting.
   Str:       It affects your strength (+4).
   rCorr:     It protects you from acid and corrosion.
   *Slow:     It may slow you when you take damage.
Scrolls
 c - 2 scrolls of enchant armour {unknown}
 i - 9 scrolls of identify {unknown}
 j - a scroll of magic mapping {unknown}
 k - a scroll of fear {unknown}
 m - 6 scrolls of teleportation {unknown}
 o - a scroll of noise {unknown}
 p - 2 scrolls of amnesia {unknown}
 t - a scroll of fog {unknown}
 u - 2 scrolls of enchant weapon {unknown}
Potions
 d - a potion of resistance {unknown}
 f - a potion of curing {unknown}
 q - 3 potions of attraction {unknown}
 r - a potion of haste {unknown}
 s - a potion of berserk rage {unknown}
 v - a potion of lignification {unknown}
 z - 3 potions of brilliance {unknown}
 A - a potion of mutation {unknown}
 B - a potion of magic {unknown}


   Skills:
 - Level 6.0 Fighting
 * Level 10.4 Long Blades
 + Level 4.5 Armour
 - Level 2.6 Dodging


You had 7 spell levels left.
You didn't know any spells.
Your spell library was empty.

Dungeon Overview and Level Annotations

Branches:
Dungeon (6/15)
 Temple: D:4-7

Altars:
Fedhas
Uskayaw
Wu Jian

Annotations:
D:3 3 runed translucent doors, NagohShan's ghost, amateur HuNe; pokeman's ghost, weakling DEWz
D:4 3 runed translucent doors, sokol815's ghost, amateur OpGl


Innate Abilities, Weirdness & Mutations

((You are very nimble when in or above water. (Stealth+, EV+, Speed+++)))
Your lower body shifts to a powerful aquatic tail in water.


Message History

The ice beast hits you but does no damage.
The bullfrog hits you but does no damage.
You hit the ice beast but do no damage.
The ice beast is severely wounded.
The bullfrog closely misses you.
The ice beast hits you but does no damage.
The bullfrog closely misses you.
You barely miss the ice beast.
The ice beast is severely wounded.
The bullfrog hits you but does no damage.
The ice beast barely misses you. The bullfrog barely misses you.
The ice beast hits you but does no damage.
You closely miss the ice beast.
The ice beast is severely wounded.
The bullfrog hits you but does no damage.
The bullfrog hits you. The ice beast barely misses you.
You closely miss the ice beast.
The ice beast is severely wounded.
The bullfrog hits you. The ice beast barely misses you. The bullfrog hits you.
You barely miss the ice beast.
The ice beast is severely wounded.
The bullfrog hits you. The ice beast barely misses you. The bullfrog hits you.
The ice beast hits you. The ice beast freezes you!
* * * LOW HITPOINT WARNING * * *
You hit the ice beast.
The ice beast is severely wounded.
The bullfrog barely misses you. The bullfrog closely misses you.
The ice beast hits you.
* * * LOW HITPOINT WARNING * * *
The ice beast freezes you.
* * * LOW HITPOINT WARNING * * *
It was a potion of degeneration.
There was something very wrong with that liquid.
You feel weakened.
You feel dopey.
You feel clumsy. The bullfrog hits you.
* * * LOW HITPOINT WARNING * * *
The ice beast hits you.
* * * LOW HITPOINT WARNING * * *
The ice beast freezes you.
You die...

####.### ##......## ############
#........###..##<.....######
#........................#.#
#..........................#
#....[.....................# #
#..........................# #
##..####.####........).....#####
#..#.......#.F@..........#..##.
##.#.♣...♣.##..Y........###|...
###.......##..........## ###..
#.♣...♣.##.........## ###
#.......###.......## # #.♣...♣.#
##[>..### #...>...# ##.###
########### ### ##........##


You could see an ice beast and a bullfrog.

Vanquished Creatures
  Grinder (D:6)
  Menkaure (D:6)
  2 ice beasts (D:5)
  A black bear (D:5)
  An ogre (D:6)
  A centaur (D:5)
  A phantom (D:6)
  2 bullfrogs (D:5)
  A necrophage (D:6)
  A gnoll sergeant (D:5)
  3 hounds
  A gnoll shaman (D:5)
  2 orc priests (D:5)
  3 iguanas (D:5)
  3 orc wizards
  10 gnolls (D:5)
  2 adders
  A white imp (D:5)
  A worm (D:2)
  A dart slug (D:1)
  13 orcs
  5 ball pythons
  3 endoplasms
  3 giant cockroaches
  8 hobgoblins
  5 jackals
  5 quokkas
  6 bats
  6 goblins
  4 kobolds
  4 rats
101 creatures vanquished.

Notes
Turn   | Place    | Note
-------+----------+-------------------------------------------
     0 | D:1      | jejorda2 the Merfolk Berserker began the quest for the Orb.
     0 | D:1      | Reached XP level 1. HP: 18/18 MP: 1/1
   308 | D:1      | Reached XP level 2. HP: 24/24 MP: 2/2
   347 | D:1      | Reached skill level 4 in Long Blades
   915 | D:1      | Reached XP level 3. HP: 28/29 MP: 3/3
   986 | D:1      | Found a faded altar of an unknown god.
  1343 | D:2      | Reached ** piety under Trog
  1425 | D:2      | Identified the amulet "Asyfinoisu" {Acrobat *Slow rCorr
                  | Str+4}
  1729 | D:3      | Found an ornate altar of the Wu Jian Council.
  2154 | D:3      | Found a runed translucent gate.
  2154 | D:3      | Found a runed translucent gate.
  2154 | D:3      | Found a runed translucent gate.
  2155 | D:3      | Noticed pokeman's ghost (weakling DEWz)
  2155 | D:3      | Noticed NagohShan's ghost (amateur HuNe)
  2191 | D:3      | Reached XP level 4. HP: 37/37 MP: 4/4
  2260 | D:3      | Found a blossoming altar of Fedhas.
  2697 | D:4      | Reached skill level 5 in Long Blades
  2944 | D:4      | Found a runed translucent gate.
  2944 | D:4      | Found a runed translucent gate.
  2944 | D:4      | Found a runed translucent gate.
  2945 | D:4      | Noticed sokol815's ghost (amateur OpGl)
  2991 | D:5      | Entered Level 5 of the Dungeon
  3004 | D:5      | Reached XP level 5. HP: 42/42 MP: 5/5
  3173 | D:5      | Reached skill level 6 in Long Blades
  3222 | D:5      | Noticed an ice beast
  3237 | D:5      | Killed an ice beast
  3238 | D:5      | Reached XP level 6. HP: 49/49 MP: 6/6
  3516 | D:5      | Noticed an ice beast
  3531 | D:5      | Killed an ice beast
  3532 | D:5      | Reached skill level 5 in Fighting
  3532 | D:5      | Reached skill level 7 in Long Blades
  3532 | D:5      | Reached XP level 7. HP: 56/56 MP: 7/7
  3730 | D:5      | Found a hide-covered altar of Uskayaw.
  3954 | D:5      | Reached skill level 8 in Long Blades
  4056 | D:5      | Reached XP level 8. HP: 64/64 MP: 8/8
  4442 | D:6      | Reached skill level 9 in Long Blades
  4456 | D:6      | Noticed Menkaure
  4463 | D:6      | Killed Menkaure
  4513 | D:6      | Noticed Grinder
  4525 | D:6      | Killed Grinder
  4526 | D:6      | Reached skill level 10 in Long Blades
  4561 | D:5      | HP: 1/64 [ice beast (4)]
  4561 | D:5      | Slain by an ice beast

Illustrated notes

Levels and vault maps discovered:
D:1:      dpeg_arrival_erosion, layout_basic,
          hellmonk_ecumenical_altar_arch_garden, minmay_misc_feat_columns,
          minmay_misc_feat_cross
D:2:      layout_rooms
D:3:      layout_basic, mainiacjoe_overflow_tiny_flanked, fedhas_altar_1,
          gammafunk_ghost_cemetery
D:4:      layout_rooms, ebering_ghost_rock_garden, serial_bayou_crossing
D:5:      layout_cave_pods, mainiacjoe_overflow_surrounded_room,
          grunt_ministairs_3, minmay_misc_feat_square, nrook_loot_triangle
D:6:      layout_cave_pools, kennysheep_generic_room_5, uniq_menkaure,
          uniq_crazy_yiuf_cottage, uniq_grinder

Skill      XL: |  1  2  3  4  5  6  7  8 |
---------------+-------------------------+-----
Long Blades    | 4 5 6 7 8 10 | 10.4
Armour         | 2 3 4 |  4.5
Fighting       | 4 5 6 |  6.0
Dodging        | |  2.6

Action                   |  1- 3 |  4- 6 |  7- 9 || total
-------------------------+-------+-------+-------++-------
Melee: Falchion          |   139 |    92 |    47 ||   278
       Punch             |     6 |     1 |     1 ||     8
       Long sword        |       |       |   145 ||   145
Throw: Stone             |    89 |    14 |    23 ||   126
Invok: Berserk           |     3 |     4 |     6 ||    13
       Trog's Hand       |       |     1 |     2 ||     3
  Use: Potion            |       |       |     1 ||     1
Armor: Scale mail        |    81 |    31 |       ||   112
       Animal skin       |     2 |       |       ||     2
       Chain mail        |       |     3 |   126 ||   129
Dodge: Dodged            |    89 |    44 |    83 ||   216

Table legend: (Time is in decaauts)
 A = Elapsed time spent in this place.
 B = Non-inter-level travel time spent in this place.
 C = Inter-level travel time spent in this place.
 D = Time resting spent in this place.
 E = Time spent auto-exploring this place.
 F = Levels seen in this place.
 G = Mean time per level.
                   A        B        C        D        E       F      G
               +--------+--------+--------+--------+--------+-----+--------+
         Total |   4683 |   4528 |    155 |    507 |   2959 |   6 |  780.5 |
       Dungeon |   4683 |   4528 |    155 |    507 |   2959 |   6 |  780.5 |
               +--------+--------+--------+--------+--------+-----+--------+

Top non-repeatable levels by time:
     D:5: 1439 daAuts
     D:1: 1068 daAuts
     D:3: 962 daAuts
     D:2: 553 daAuts
     D:4: 551 daAuts
     D:6: 108 daAuts
